AoeStats
← Leroy's Death

Oasis

507624595Analyzed
4v4 RM · 14d ago on Sep 19, 2026· 48m 45s· 8 players
Game mode
Random Map
Map size
Large (8 player)
Population
200
Speed
Normal
Resources
Standard
Victory
Conquest
Starting age
Dark Age
Ending age
Imperial Age
RankedLock teamsTeams togetherTeam positionsShared explorationLock speedFull tech treeHidden civsTurbo modeCheats
Victory
Defeat
🇺🇸 Turks · United States
1077
+17
🇺🇸 Romans · United States
1062
+18
🇺🇸 Teutons · United States
1049
+18
🇺🇸 Bohemians · United States
1010
+21
🇲🇽 Persians · Mexico
1140
-20
🇧🇷 Italians · Brazil
1109
-19
🇺🇸 Wei · United States
1093
-18
🇨🇳 Burgundians · China
1072
-17
Leroy's Death
1:39 Loom
12:40 Feudal Age
14:04 Double-Bit Axe
15:41 Horse Collar
19:46 Town Watch
23:02 Castle Age
23:59 Heavy Plow
24:10 Bow Saw
30:48 Wheelbarrow
30:57 Fortified Wall
30:52 Scale Mail Armor
30:20 Pikeman
31:50 Hand Cart
31:40 Squires
32:21 Arson
32:48 Forging
33:16 Chain Mail Armor
35:22 Iron Casting
37:48 Imperial Age
35:06 Treadmill Crane
35:37 Town Patrol
35:32 Fletching
35:47 Murder Holes
37:48 Chemistry
37:10 Ballistics
37:02 Masonry
37:07 Bodkin Arrow
39:29 Blast Furnace
38:59 Plate Mail Armor
39:02 Conscription
39:18 Siege Engineers
38:39 Halberdier
41:07 Bracer
41:08 Padded Archer Armor
41:41 Architecture
43:45 Leather Archer Armor
44:19 Wagenburg Tactics
45:51 Two-Man Saw
45:42 Ring Archer Armor
48:30 Houfnice
Admiral Ravioli
5:07 Loom
12:28 Feudal Age
17:18 Castle Age
15:50 Double-Bit Axe
16:00 Horse Collar
18:22 Bow Saw
21:41 Wheelbarrow
21:46 Heavy Plow
23:05 Town Watch
25:21 Gold Mining
26:43 Stone Mining
31:18 Imperial Age
29:01 Fortified Wall
29:55 Hand Cart
30:04 Masonry
30:42 Town Patrol
32:08 Gold Shaft Mining
31:44 Scale Mail Armor
32:53 Crop Rotation
32:50 Pikeman
34:40 Chemistry
36:13 Ballistas
36:28 Conscription
36:01 Fletching
36:32 Ballistics
36:18 Siege Engineers
36:44 Architecture
36:10 Murder Holes
36:27 Onager
36:51 Heavy Scorpion
37:56 Chain Mail Armor
37:52 Forging
37:37 Bodkin Arrow
37:18 Halberdier
37:58 Squires
41:34 Iron Casting
41:42 Man-at-Arms
42:10 Capped Ram
43:22 Siege Ram
mark_aoe_2024
11:33 Feudal Age
12:13 Double-Bit Axe
12:26 Horse Collar
19:46 Castle Age
17:42 Gold Mining
18:51 Bloodlines
21:43 Loom
24:49 Imperial Age
22:40 Bow Saw
23:36 Padded Archer Armor
24:46 Husbandry
27:07 Leather Archer Armor
27:31 Wheelbarrow
28:29 Sanctity
35:17 Hand Cart
36:21 Ring Archer Armor
35:57 Scale Barding Armor
36:04 Forging
42:58 Two-Man Saw
42:02 Heavy Plow
43:18 Conscription
43:15 Artillery
47:29 Chain Barding Armor
Captain Moonunit Sexparty
1:48 Loom
16:26 Feudal Age
17:38 Horse Collar
17:43 Double-Bit Axe
23:01 Castle Age
24:00 Bow Saw
23:53 Heavy Plow
26:50 Scale Barding Armor
26:59 Forging
28:33 Bloodlines
28:51 Chain Barding Armor
29:07 Iron Casting
29:17 Gold Mining
29:17 Stone Mining
32:18 Wheelbarrow
31:29 Town Watch
36:03 Imperial Age
33:51 Hand Cart
38:04 Cavalier
39:12 Ballistics
39:05 Masonry
39:35 Plate Barding Armor
40:01 Blast Furnace
40:11 Stone Shaft Mining
41:41 Ironclad
41:42 Conscription
43:39 Hoardings
43:28 Crenellations
42:48 Paladin
43:16 Sappers
45:34 Padded Archer Armor
45:25 Fletching
47:00 Two-Man Saw
49:20 Scale Mail Armor
eduhaas
10:15 Feudal Age
11:32 Loom
14:02 Castle Age
12:13 Double-Bit Axe
12:47 Horse Collar
15:27 Bow Saw
17:15 Loom
18:08 Wheelbarrow
20:24 Stone Mining
23:20 Heavy Plow
25:36 Stone Shaft Mining
24:51 Gold Mining
29:30 Imperial Age
27:17 Pikeman
27:57 Squires
27:43 Gambesons
31:22 Imperial Age
29:17 Elite Skirmisher
31:37 Forging
31:18 Fletching
31:28 Padded Archer Armor
31:34 Scale Barding Armor
31:12 Halberdier
32:58 Conscription
33:03 Onager
34:37 Crop Rotation
33:57 Town Watch
35:48 Gold Shaft Mining
37:16 Chemistry
36:37 Ballistics
37:11 Leather Archer Armor
36:52 Bodkin Arrow
37:32 Iron Casting
37:19 Chain Barding Armor
37:00 Scale Mail Armor
39:22 Crossbowman
40:11 Thumb Ring
41:42 Blast Furnace
41:18 Plate Barding Armor
41:59 Two-Man Saw
45:30 Kamandaran
44:50 Elite War Elephant
47:22 Ring Archer Armor
47:08 Chain Mail Armor
47:01 Arson
[MAD1] Latif PW
3:31 Loom
13:24 Feudal Age
Jcn_x
0:31 Loom
11:11 Feudal Age
20:02 Castle Age
17:51 Horse Collar
18:12 Double-Bit Axe
20:13 Town Watch
21:02 Bow Saw
26:01 Stone Mining
27:02 Wheelbarrow
27:42 Heavy Plow
28:16 Treadmill Crane
28:48 Fortified Wall
28:43 Gold Mining
33:42 Imperial Age
31:37 Hand Cart
31:57 Squires
31:43 Arson
34:20 Stone Shaft Mining
34:08 Ballistics
33:59 Masonry
34:31 Silk Road
35:52 Conscription
34:57 Elite Genoese Crossbowman
35:40 Padded Archer Armor
35:30 Fletching
36:45 Two-Man Saw
36:20 Crop Rotation
36:07 Caravan
37:36 Chemistry
37:08 Architecture
36:11 Elite Skirmisher
38:54 Leather Archer Armor
38:34 Bodkin Arrow
39:24 Thumb Ring
44:33 Ring Archer Armor
44:03 Bracer
48:12 Scale Mail Armor
48:25 Forging
fyerlang
9:29 Loom
11:15 Feudal Age
16:19 Castle Age
20:05 Double-Bit Axe
20:02 Horse Collar
22:13 Wheelbarrow
27:37 Gold Mining
28:50 Heavy Plow
29:04 Bow Saw
30:14 Hand Cart
31:27 Gold Shaft Mining
34:31 Imperial Age
31:50 Town Watch
32:11 Caravan
33:02 Scale Barding Armor
33:08 Forging
34:16 Chain Barding Armor
34:38 Cavalier
35:19 Husbandry
36:09 Stone Mining
36:11 Paladin
36:35 Light Cavalry
38:29 Iron Casting
39:03 Plate Barding Armor
42:22 Blast Furnace
41:49 Hussar
46:57 Chemistry
46:18 Ballistics
47:39 Fletching
47:49 Murder Holes
Connection lost

Rejoining the realm…

Still unreachable

The connection could not be restored.

Session expired

The server has moved on; the page needs a fresh start.